 Dungeon Crawl Stone Soup version 0.29-a0-997-gf6f7e2dfe7 (webtiles) character file.

Game seed: 1954065883760631637

125 kae the Firebug (level 5, 0/29 HPs)
             Began as a Tengu Fire Elementalist on Aug 4, 2022.
             Slain by a gnoll
             ... wielding a +0 spear
              (9 damage)
             ... on level 3 of the Dungeon.
             The game lasted 00:01:52 (3137 turns).

kae the Firebug (Tengu Fire Elementalist)           Turns: 3137, Time: 00:01:53

Health: 0/29       AC:  2    Str:  9    XL:     5   Next: 9%
Magic:  3/9        EV: 14    Int: 17    God:
Gold:   67         SH:  0    Dex: 14    Spells: 6/9 levels left

rFire   . . .      SeeInvis .   (no weapon)
rCold   . . .      Faith    .   (no shield)
rNeg    . . .      Spirit   .   a - +0 robe
rPois   .          Reflect  .   (helmet restricted)
rElec   .          Harm     .   (no cloak)
rCorr   .          Rampage  .   (no gloves)
Will    .....                   (boots unavailable)
Stlth   ++........              (no amulet)
HPRegen 0.09/turn               (no ring)
MPRegen 0.11/turn               (no ring)

@: flying quickly and evasively, quick
A: beak, talons 3, nimble flight
a: no special abilities


You were on level 3 of the Dungeon.
You visited 1 branch of the dungeon, and saw 3 of its levels.

You collected 67 gold pieces.


Innate Abilities, Weirdness & Mutations

You have a beak for a mouth.
You have claws for feet.
Your magical nature lets you fly swiftly and evasively.


   Skills:
 + Level 1.2 Fighting
 - Level 2.1 Dodging
 - Level 2.0 Stealth
 + Level 2.6 Spellcasting
 * Level 3.8 Conjurations
 * Level 4.5 Fire Magic


You had 6 spell levels left.
You knew the following spells:

 Your Spells              Type           Power      Damage    Failure   Level
a - Foxfire               Conj/Fire      64%        2x1d7     3%          1
b - Scorch                Fire           34%        2d7       4%          2

Your spell library contained the following spells:

 Spells                   Type           Power      Damage    Failure   Level
 Conjure Flame            Conj/Fire      16%        6-21      10%         3
 Apportation              Tloc           4%         N/A       19%         1
 Inner Flame              Hex/Fire       9%         N/A       22%         3
 Sublimation of Blood     Necr           2%         N/A       28%         2
 Ignite Poison            Fire/Tmut/Pois 7%         N/A       30%         3
 Mephitic Cloud           Conj/Pois/Air  6%         N/A       32%         3
 Flame Wave               Conj/Fire      16%        2d7       32%         4
 Petrify                  Tmut/Erth      2%         N/A       88%         4
 Irradiate                Conj/Tmut      4%         3d13      92%         5
 Freezing Cloud           Conj/Ice/Air   3%         6-21      96%         5

Inventory:

Missiles
 d - 37 stones
Armour
 a - a +0 robe (worn)
Scrolls
 h - a scroll of summoning {unknown}
Potions
 b - 3 potions of magic
 c - 3 potions of haste {unknown}
 e - a potion of might
 f - a potion of degeneration {unknown}

Dungeon Overview and Level Annotations

Branches:
Dungeon (3/15) Zot: 14862

Altars:

Shops:
D:1

( #.#.. ..................#
....### ...............#..#
......# #####.......#'##...
....).+ .......###.#.###..
......# #######..#...#.# #..
......####...# #..#.#)#.#
######.......###..#...#+###.>
+........##†.###........
#........##@)..'........
#........##.####........
#........##g# #........
#####..g.##.####........
#....##....+........
#........###........
####.....# #.)...... #.....#
....... #.....#


You could see a gnoll (combustible).


Message History

You take 1 damage, and now have 13/25 hp.
The bat attacks as you move away! The bat closely misses you.
You feel sick. The bat hits you but does no damage.
The bat closely misses you. 😨 HP[-1]
You take 1 damage, and now have 12/25 hp.
You feel sick. 😨 HP[-1]
You take 1 damage, and now have 11/25 hp.
You feel sick.
You are no longer poisoned.
The bat hits you but does no damage. 😨 HP[-1]
You take 1 damage, and now have 10/25 hp.
Really quaff
g - a potion of lignification {!q}?
Okay, then.
Really quaff
g - a potion of lignification {!q}?
Really quaff the potion of lignification? [Y]es or [N]o only, please.
Really quaff the potion of lignification?
You turn into a tree.
Your +0 robe melds into your body.
Your roots penetrate the ground.
The adder bites you but does no damage. 😨 HP[+6]
You now have 37 max hp (+12).
You regained 6 hp, and now have 16/37 hp.
You hit the adder but do no damage. The adder bites you.
* * * LOW HITPOINT WARNING * * *
😨 HP[-2]
You take 2 damage, and now have 14/37 hp.
You closely miss the adder.
The adder bites you but does no damage. x2
You barely miss the adder.
The adder bites you but does no damage. 😨 MP[+1]
You closely miss the adder. The adder bites you but does no damage.
You completely miss the adder.
The adder bites you but does no damage. x2
You hit the adder.
The adder bites you but does no damage. 😨 HP[+1]
You closely miss the adder. The adder barely misses you.
You hit the adder. The adder barely misses you.
The adder bites you but does no damage.
You barely miss the adder. The adder bites you but does no damage.
You closely miss the adder. The adder bites you but does no damage.
Casting: Foxfire (safe; 3% risk of failure)
Confirm with . or Enter, or press ? or * to list all spells.
You miscast Foxfire.
You are very lightly contaminated with residual magic.
Nothing appears to happen.
The adder bites you but does no damage. 😨 MP[-1]
You lost 1 mp, and now have 6/8 mp.
You smack the adder!
You kill the adder!
Your transformation is almost over.
The bat hits you but does no damage. 😨 MP[+1]
Casting: Foxfire (safe; 3% risk of failure)
Confirm with . or Enter, or press ? or * to list all spells.
You conjure some foxfire!
The bat hits you but does no damage.
The foxfire hits the gnoll but does no damage.
The foxfire hits the bat but does no damage.
The bat hits you.
* * * LOW HITPOINT WARNING * * *
The bat hits you but does no damage.
The gnoll hits you but does no damage. 😨 MP[-1]
You lost 1 mp, and now have 6/8 mp.
Casting: Foxfire (safe; 3% risk of failure)
Confirm with . or Enter, or press ? or * to list all spells.
You conjure some foxfire!
The bat hits you but does no damage.
The foxfire hits the bat.
The gnoll hits you but does no damage.
The foxfire hits the gnoll.
The bat hits you but does no damage. x2
The gnoll hits you but does no damage. x2 😨 MP[-1]
You lost 1 mp, and now have 5/8 mp.
You hit the gnoll. The bat hits you but does no damage.
The gnoll hits you but does no damage. x2
Your magical contamination has completely faded away.
You hit the gnoll but do no damage. The bat hits you but does no damage.
The gnoll hits you with a +0 club.
* * * LOW HITPOINT WARNING * * *
The gnoll hits you but does no damage. 😨 HP[-3]
You take 3 damage, and now have 12/37 hp.
Casting: Foxfire (safe; 3% risk of failure)
Confirm with . or Enter, or press ? or * to list all spells.
You conjure some foxfire!
The foxfire hits the bat.
You kill the bat!
The gnoll hits you with a +0 club.
* * * LOW HITPOINT WARNING * * *
The gnoll hits you but does no damage.
You have reached level 5!
Your magical nature develops, letting you fly swiftly and evasively. 😨 HP[+1] MP[-1]
You now have 43 max hp (+6).
You smack the gnoll!
You kill the gnoll!
The foxfire hits the gnoll.
The gnoll hits you but does no damage.
Casting: Foxfire (safe; 3% risk of failure)
Confirm with . or Enter, or press ? or * to list all spells.
Flames lash the gnoll.
The gnoll's fire resistance burns away.
You feel less wooden.
Your +0 robe unmelds from your body.
The gnoll hits you from afar with a +0 spear!
You die...

Skill      XL: |  1  2  3  4 |
---------------+-------------+-----
Conjurations   | 2 3 |  3.8
Fire Magic     | 4 |  4.5
Fighting       | 1 |  1.2
Dodging        | |  2.1
Stealth        | |  2.0
Spellcasting   | |  2.6

Action                   |  1- 3 |  4- 6 || total
-------------------------+-------+-------++-------
Melee: Unarmed           |     5 |    14 ||    19
       Peck              |     1 |       ||     1
       Kick              |     1 |       ||     1
 Cast: Foxfire           |    55 |    28 ||    83
       Scorch            |    15 |     6 ||    21
  Use: Scroll            |     3 |     3 ||     6
       Potion            |       |     1 ||     1
Armor: Robe              |    11 |     6 ||    17
       Skin              |       |    29 ||    29
Dodge: Dodged            |    22 |     8 ||    30

Levels and vault maps discovered:
D:1:      minmay_arrival_nine_rooms, layout_loops_cross, serial_shops,
          nicolae_shop_trees, chequers_mini_garden,
          amcnicky_mini_corridor_feature, minmay_lizard_king
D:2:      layout_basic, shapermc_ecumenical_altar_rom_forum,
          lightli_corner_chamber
D:3:      layout_basic, yredelemnul_forgotten_temple_becter,
          cheibrodos_gnoll_hut

Notes
Turn   | Place    | Note
-------+----------+-------------------------------------------
     0 | D:1      | kae the Tengu Fire Elementalist began the quest for the
                  | Orb.
     0 | D:1      | Reached XP level 1. HP: 10/10 MP: 4/4
     0 | D:1      | magus.rc [v1.11.3]
   173 | D:1      | Reached skill level 2 in Conjurations
   173 | D:1      | Reached XP level 2. HP: 10/15 MP: 3/6
   275 | D:1      | Found Tomyoz's Weapon Shoppe.
   368 | D:1      | HP: 3/15 [constriction (1)]
   645 | D:1      | Learned a level 2 spell: Scorch
   755 | D:1      | Reached XP level 3. HP: 19/19 MP: 1/7
  1257 | D:1      | You pick up a book of Alchemy and begin reading...
  1257 | D:1      | You add the spells Sublimation of Blood, Petrify and
                  | Irradiate to your library.
  1628 | D:2      | Reached skill level 4 in Fire Magic
  2062 | D:2      | Reached skill level 3 in Conjurations
  2454 | D:2      | Reached XP level 4. HP: 24/24 MP: 6/8
  2571 | D:2      | Found a faded altar of an unknown god.
  2574 | D:2      | Got Plato's Discursus on Transposition
  2722 | D:2      | You add the spells Ignite Poison, Mephitic Cloud and
                  | Freezing Cloud to your library.
  2893 | D:3      | Reached skill level 1 in Fighting
  3136 | D:3      | Gained mutation: Your magical nature lets you fly swiftly
                  | and evasively. [Tengu growth]
  3136 | D:3      | Reached XP level 5. HP: 13/29 MP: 4/9
  3137 | D:3      | Slain by a gnoll

Vanquished Creatures
  2 gnolls (D:3)
  3 adders
  3 worms (D:2)
  3 dart slugs
  6 ball pythons
  4 bats
  3 endoplasms
  2 giant cockroaches
  4 goblins
  5 hobgoblins
  3 jackals (D:1)
  2 quokkas
  17 frilled lizards
  7 kobolds
  3 rats (D:1)
67 creatures vanquished.

Vanquished Creatures (others)
  136 foxfires
  4 fungi (D:2)
  11 plants
151 creatures vanquished.

Grand Total: 218 creatures vanquished

Table legend:
 A = Non-vault XP
 B = Vault XP
 C = Vault XP percentage of total XP
 D = Non-vault monster count
 E = Vault monster count
 F = Vault count percentage of total count
                 A         B        C        D         E       F
            +---------+---------+-------+---------+---------+-------
      Total |     168 |      11 |   6.1 |      56 |      11 |  16.4
            +---------+---------+-------+---------+---------+-------
        D:1 |      38 |      11 |  22.4 |      24 |      11 |  31.4
        D:2 |      60 |       0 |   0.0 |      21 |       0 |   0.0
        D:3 |      70 |       0 |   0.0 |      11 |       0 |   0.0
            +---------+---------+-------+---------+---------+-------

Illustrated notes

Table legend:
 A = Kills in this place as a percentage of kills in entire the game.
 B = Kills by you in this place as a percentage of kills by you in the entire game.
 C = Kills by friends in this place as a percentage of kills by friends in the entire game.
 D = Other kills in this place as a percentage of other kills in the entire game.
 E = Experience gained in this place as a percentage of experience gained in the entire game.
 F = Experience gained in this place divided by the number of levels of this place that you have seen.
                   A       B       C       D       E      F
               +-------+-------+-------+-------+-------+----------------------
         Total | 100.0 | 100.0 |   N/A |   N/A | 100.0 |  59.7
       Dungeon | 100.0 | 100.0 |   N/A |   N/A | 100.0 |  59.7
               +-------+-------+-------+-------+-------+----------------------

Table legend: (Time is in decaauts)
 A = Elapsed time spent in this place.
 B = Non-inter-level travel time spent in this place.
 C = Inter-level travel time spent in this place.
 D = Time resting spent in this place.
 E = Time spent auto-exploring this place.
 F = Levels seen in this place.
 G = Mean time per level.
                   A        B        C        D        E       F      G
               +--------+--------+--------+--------+--------+-----+--------+
         Total |   3136 |   3072 |     64 |    269 |   2399 |   3 | 1045.3 |
       Dungeon |   3136 |   3072 |     64 |    269 |   2399 |   3 | 1045.3 |
               +--------+--------+--------+--------+--------+-----+--------+

Top non-repeatable levels by time:
     D:1: 1495 daAuts
     D:2: 1338 daAuts
     D:3: 302 daAuts
